 Dungeon Crawl Stone Soup version 0.28-a0-239-g68911e0c57 (webtiles) character file.

Game seed: 18284753187882242826

796 zdrol the Shield-Bearer (level 7, 0/61 HPs)
             Began as a Minotaur Fighter on Aug 23, 2021.
             Was a Follower of Okawaru.
             Killed from afar by an electric eel (1 damage)
             ... with a bolt of electricity
             ... on level 5 of the Dungeon.
             The game lasted 00:18:23 (4382 turns).

zdrol the Shield-Bearer (Minotaur Fighter)          Turns: 4382, Time: 00:18:23

Health: 0/61       AC: 10    Str: 18 (21) XL:     7   Next: 58%
Magic:  6/6        EV:  6    Int:  1 (5)  God:    Okawaru [*.....]
Gold:   198        SH: 14    Dex:  9 (11) Spells: 6/6 levels left

rFire   + . .      SeeInvis .   b - +2 falchion (vorpal)
rCold   + . .      Faith    .   c - +0 kite shield
rNeg    . . .      Spirit   .   r - +0 chain mail
rPois   +          Reflect  +   (helmet restricted)
rElec   +          Harm     .   (no cloak)
rCorr   +          Rampage  .   (no gloves)
Will    .....      Clarity  +   (no boots)
Stlth   ..........              l - amulet of reflection
HPRegen 0.20/turn               (no ring)
MPRegen 0.10/turn               (no ring)

@: resistant, very slow
A: horns 2, retaliatory headbutt, clarity, deterioration 1
a: Renounce Religion, Heroism


You were on level 5 of the Dungeon.
You worshipped Okawaru.
Okawaru was aware of your devotion.
You visited 2 branches of the dungeon, and saw 6 of its levels.

You collected 198 gold pieces.

Inventory:

Hand Weapons
 a - a +1 long sword
 b - a +2 vorpal falchion (weapon)
Missiles
 e - 19 poisoned darts (quivered)
Armour
 c - a +0 kite shield (worn)
 m - a +0 tower shield
 r - a +0 chain mail (worn)
Magical Staves
 q - a staff of poison
Jewellery
 l - an amulet of reflection (around neck)
Wands
 t - a wand of flame (21)
Scrolls
 n - a scroll of fog
 o - a scroll of acquirement {unknown}
 p - a scroll of holy word {unknown}
 s - a scroll of identify
Potions
 d - 2 potions of might
 f - a potion of attraction {unknown}
 g - a potion of resistance
 h - a potion of cancellation {unknown}
 j - a potion of curing {unknown}


   Skills:
 + Level 5.0 Fighting
 + Level 5.9 Long Blades
 + Level 6.1 Armour
 + Level 1.9 Dodging
 + Level 6.6 Shields


You had 6 spell levels left.
You didn't know any spells.
Your spell library contained the following spells:

 Spells                   Type           Power      Damage    Failure   Level
 Magic Dart               Conj           0%         1d3       100%        1
 Pain                     Necr           0%         1d4       100%        1
 Mephitic Cloud           Conj/Pois/Air  0%         N/A       100%        3
 Agony                    Necr           0%         N/A       100%        5
 Excruciating Wounds      Necr           0%         N/A       100%        5
 Call Imp                 Summ           Unusable   N/A       N/A         2

Dungeon Overview and Level Annotations

Branches:
Dungeon (5/15)             Temple (1/1) D:4

Altars:
Cheibriados
Dithmenos
Elyvilon
Fedhas
Gozag
Hepliaklqana
Kikubaaqudgha
Makhleb
Okawaru
Qazlal
Ru
Trog
Uskayaw
Vehumet
Wu Jian
Xom
Yredelemnul
Zin
The Shining One

Annotations:
D:5 1 transporter


Innate Abilities, Weirdness & Mutations

You have a pair of horns on your head.
You reflexively headbutt those who attack you in melee.
You possess an exceptional clarity of mind.
Your body sometimes deteriorates upon taking damage.


Message History

The bolt of electricity hits you. You resist.
* * * LOW HITPOINT WARNING * * *
The bolt of electricity hits the electric eel.
The electric eel completely resists.
The bolt of electricity hits the electric eel.
The electric eel completely resists.
The electric eel shoots out a bolt of lightning at you!
The bolt of electricity hits the electric eel.
The electric eel completely resists.
The bolt of electricity hits you. You resist.
* * * LOW HITPOINT WARNING * * *
The bolt of electricity hits you but does no damage.
You resist.
The bolt of electricity hits the electric eel.
The electric eel completely resists.
You slash the plant!
The plant begins to die.
You headbutt the plant!
The plant is lightly damaged.
The electric eel shoots out a bolt of lightning at you!
The bolt of electricity hits you. You resist.
* * * LOW HITPOINT WARNING * * *
The bolt of electricity hits the plant!
The plant begins to die.
The electric eel shoots out a bolt of lightning at you!
The bolt of electricity hits you. You resist.
* * * LOW HITPOINT WARNING * * *
The bolt of electricity hits you. You resist.
* * * LOW HITPOINT WARNING * * *
The bolt of electricity hits the electric eel.
The electric eel completely resists.
It was a potion of degeneration.
There was something very wrong with that liquid.
You feel weakened.
You feel dopey.
You feel clumsy.
The electric eel shoots out a bolt of lightning at you!
The bolt of electricity hits you. You resist.
* * * LOW HITPOINT WARNING * * *
The bolt of electricity hits the plant!
The electric eel shoots out a bolt of lightning at you!
The bolt of electricity hits you. You resist.
* * * LOW HITPOINT WARNING * * *
The bolt of electricity hits you. You resist.
You die...

#....©....###########
#.#######.# #.#8.©.8#.#
#.#P.[.P#.#
#.###+###.###
#.#≈≈≈P≈#...
#.#≈≈≈≈≈#.##.
#.#≈≈≈P≈#.# #.#≈≈;@≈#.#
#.#≈≈;≈≈#.# #.#≈...≈#.#
# ####
#.#≈...≈#.##.#######...
#.###'###..............
#.#≈(..P#.##.####......
#.#8.©.8#.##......##...
#.#######.######..##...
#....©....# ###..##.##


You could see 2 electric eels.

Vanquished Creatures
  Eustachio (D:5)
  A sky beast (D:4)
  A scorpion (D:4)
  A vampire bat (D:4)
  3 orc priests (D:5)
  2 bullfrog skeletons (D:5)
  An iguana (D:5)
  An orc wizard (D:5)
  Ijyb (D:3)
  3 gnolls (D:4)
  4 adders
  An adder zombie (D:1)
  An adder skeleton (D:4)
  2 worms
  A dart slug (D:4)
  3 fire bats (D:4)
  11 orcs
  2 spectral bats (D:4)
  3 bat skeletons (D:4)
  2 bat zombies
  5 endoplasms
  2 giant cockroaches (D:1)
  7 goblins
  6 hobgoblins
  2 jackals (D:4)
  5 quokkas
  5 ball pythons
  14 bats
  A bat simulacrum (D:4)
  5 frilled lizards
  6 kobolds
  7 rats
110 creatures vanquished.

Vanquished Creatures (others)
  A plant (D:5)
1 creature vanquished.

Grand Total: 111 creatures vanquished

Notes
Turn   | Place    | Note
-------+----------+-------------------------------------------
     0 | D:1      | zdrol the Minotaur Fighter began the quest for the Orb.
     0 | D:1      | Reached XP level 1. HP: 19/19 MP: 0/0
   130 | D:1      | Reached XP level 2. HP: 24/27 MP: 1/1
   642 | D:1      | Reached XP level 3. HP: 30/33 MP: 2/2
  1303 | D:2      | Gained mutation: Your body sometimes deteriorates upon
                  | taking damage. [potion of mutation]
  1303 | D:2      | Gained mutation: You possess an exceptional clarity of
                  | mind. [potion of mutation]
  1303 | D:2      | HP: 1/33 [poisoned by an adder]
  1767 | D:3      | Noticed Ijyb
  1776 | D:3      | Paralysed by Ijyb for 6 turns
  1797 | D:3      | Paralysed by Ijyb for 2 turns
  1807 | D:3      | Killed Ijyb
  1808 | D:3      | Reached XP level 4. HP: 19/40 MP: 3/3
  2666 | D:4      | Noticed a scorpion
  2669 | D:4      | Killed a scorpion
  2670 | D:4      | Reached skill level 5 in Armour
  2670 | D:4      | Reached skill level 5 in Shields
  2670 | D:4      | Reached XP level 5. HP: 47/47 MP: 4/4
  3086 | D:4      | Found a shadowy altar of Dithmenos.
  3311 | D:4      | Found a staircase to the Ecumenical Temple.
  3327 | Temple   | Entered the Ecumenical Temple
  3364 | Temple   | Became a worshipper of Warmaster Okawaru
  3625 | D:4      | Noticed a sky beast
  3633 | D:4      | Killed a sky beast
  3634 | D:4      | Reached XP level 6. HP: 53/53 MP: 5/5
  3639 | D:4      | Found a shimmering altar of Xom.
  3727 | D:4      | Reached * piety under Okawaru
  3733 | D:4      | Reached skill level 1 in Dodging
  3958 | D:5      | Entered Level 5 of the Dungeon
  3967 | D:5      | Reached skill level 5 in Long Blades
  4073 | D:5      | Found a glowing silver altar of Zin.
  4158 | D:5      | Reached XP level 7. HP: 59/60 MP: 6/6
  4186 | D:5      | Noticed Eustachio
  4233 | D:5      | Killed Eustachio
  4234 | D:5      | Reached skill level 5 in Fighting
  4246 | D:5      | Found a transporter.
  4339 | D:5      | Found a transporter.
  4382 | D:5      | HP: 1/61 [electric eel/bolt of electricity (4)]
  4382 | D:5      | Killed from afar by an electric eel

Illustrated notes

Levels and vault maps discovered:
D:1:      saegor_arrival_fortress, layout_loops_ring, grunt_decor_one_mirror,
          minmay_indecisive_spiral
D:2:      layout_loops_ring
D:3:      layout_basic, uniq_ijyb
D:4:      layout_loops_corners, xom_teletrap_fun, mainiacjoe_overflow_alcove_2,
          minmay_temple_entry_drinking_statues, goddamned_bats
D:5:      gammafunk_steamed_eel, layout_loops_ring, zin_treasury,
          mainiacjoe_overflow_surrounded_room, uniq_eustachio
Temple:   eino_temple_rhombus

Skill      XL: |  1  2  3  4  5  6  7 |
---------------+----------------------+-----
Armour         | 4 5 6 |  6.1
Shields        | 4 5 6 |  6.6
Fighting       | 4 5 |  5.0
Long Blades    | 3 4 5 |  5.9
Dodging        | 1 |  1.9

Action                   |  1- 3 |  4- 6 |  7- 9 || total
-------------------------+-------+-------+-------++-------
Melee: Long sword        |    96 |   129 |    38 ||   263
       Headbutt          |    13 |    20 |     9 ||    42
       Falchion          |       |       |    14 ||    14
  Use: Scroll            |     3 |     4 |       ||     7
       Potion            |     3 |       |     5 ||     8
Armor: Scale mail        |    52 |    67 |       ||   119
       Skin              |    15 |       |       ||    15
       Chain mail        |       |     2 |    18 ||    20
Dodge: Dodged            |    42 |    60 |    13 ||   115
Block: Kite shield       |    66 |   134 |    42 ||   242
       Rpst.: Long sword |    11 |    20 |       ||    31
       Falchion          |       |       |     2 ||     2

Table legend: (Time is in decaauts)
 A = Elapsed time spent in this place.
 B = Non-inter-level travel time spent in this place.
 C = Inter-level travel time spent in this place.
 D = Time resting spent in this place.
 E = Time spent auto-exploring this place.
 F = Levels seen in this place.
 G = Mean time per level.
                   A        B        C        D        E       F      G
               +--------+--------+--------+--------+--------+-----+--------+
         Total |   4495 |   4495 |      0 |    290 |   2333 |   6 |  749.2 |
       Dungeon |   4251 |   4251 |      0 |    290 |   2178 |   5 |  850.2 |
        Temple |    243 |    243 |      0 |      0 |    155 |   1 |  243.0 |
               +--------+--------+--------+--------+--------+-----+--------+

Top non-repeatable levels by time:
     D:4: 1199 daAuts
     D:1: 1012 daAuts
     D:3: 807 daAuts
     D:2: 791 daAuts
     D:5: 442 daAuts
  Temple: 243 daAuts
